 Dungeon Crawl Stone Soup version 0.30.0 (webtiles) character file.

Game seed: 6455516295469492379

1546 Ubbricas the Shooter (level 8, -4/67 HPs)
             Began as a Demigod Hunter on May 12, 2023.
             Slain by a bullfrog (5 damage)
             ... on level 7 of the Dungeon.
             The game lasted 00:07:43 (4605 turns).

Ubbricas the Shooter (Demigod Hunter)               Turns: 4605, Time: 00:07:44

Health: -4/67      AC:  5    Str: 12    XL:     8   Next: 31%
Magic:  10/10      EV:  2    Int: 14    God:
Gold:   399        SH:  0    Dex: 25    Spells: 6/7 levels left

rFire   + . .        a - +0 shortbow (heavy)
rCold   + . .        (shield currently unavailable)
rNeg    . . .        u - +1 robe of the Slug {rC++ Int+3}
rPois   .            o - +0 helmet
rElec   .            (no cloak)
rCorr   .            (no gloves)
SInv    .            d - +0 pair of boots
Will    +....        z - amulet of reflection
Stlth   +++          m - ring "Ogociytra" {Wiz Will+}
HPRegen 0.31/turn    e - ring of fire
MPRegen 0.12/turn

%: reflection, wizardry (x1)
@: sleeping
A: high MP 1, forlorn, divine attributes
a: no special abilities


You were on level 7 of the Dungeon.
You visited 1 branch of the dungeon, and saw 7 of its levels.
You also visited: Sewer.

You collected 399 gold pieces.

Inventory:

Hand Weapons
 a - a +0 heavy shortbow (weapon)
Armour
 c - a +0 leather armour
 d - a +0 pair of boots (worn)
 g - +0 fire dragon scales
 o - a +0 helmet (worn)
 u - the +1 robe of the Slug (worn) {rC++ Int+3}
   (You found it on level 3 of the Dungeon)

   Int:       It affects your intelligence (+3).
   rC:        It greatly protects you from cold.
Jewellery
 e - a ring of fire (right hand)
 i - a ring of flight
 j - a ring of protection from cold
 m - the ring "Ogociytra" (left hand) {Wiz Will+}
   (You found it on level 6 of the Dungeon)

   [ring of wizardry]

   It improves your spell success rate.
   Will:      It increases your willpower.
 v - a ring of magical power
 z - an amulet of reflection (around neck)
 B - a ring of willpower
Wands
 l - a wand of iceblast (10)
Scrolls
 b - a scroll of immolation
 k - a scroll of poison {unknown}
 w - a scroll of enchant weapon {unknown}
 x - a scroll of blinking {unknown}
 y - 2 scrolls of teleportation {unknown}
Potions
 f - 3 potions of invisibility
 h - a potion of brilliance {unknown}
 n - 3 potions of mutation
 p - a potion of resistance {unknown}
 q - 2 potions of cancellation {unknown}
 r - 2 potions of curing
 s - 3 potions of flight
 t - a potion of heal wounds
 A - a potion of degeneration {unknown}
 C - a potion of lignification {unknown}


   Skills:
 + Level 4.6 Fighting
 * Level 7.2 Ranged Weapons
 + Level 4.6 Dodging
 + Level 4.7 Stealth


You had 6 spell levels left.
You knew the following spells:

 Your Spells              Type           Power      Damage    Failure   Level
a - Apportation           Tloc           0%         N/A       12%         1

Your spell library contained the following spells:

 Spells                   Type           Power      Damage    Failure   Level
 Necrotise                Necr           0%         1d4       12%         1
 Summon Small Mammal      Summ           0%         N/A       12%         1
 Ensorcelled Hibernation  Hex/Ice        0%         N/A       17%         2
 Dazzling Flash           Conj/Hex       0%         N/A       32%         3
 Spider Form              Tmut/Pois      0%         N/A       32%         3
 Volatile Blastmotes      Fire/Tloc      0%         2d10      32%         3
 Anguish                  Hex/Necr       0%         N/A       71%         4
 Iskenderun's Mystic Bla  Conj/Tloc      0%         2d3       71%         4
 Conjure Ball Lightning   Conj/Air       0%         3x3d6     100%        6
 Starburst                Conj/Fire      0%         6d3       100%        6
 Discord                  Hex            0%         N/A       100%        8
 Disjunction              Tloc           0%         N/A       100%        8


Dungeon Overview and Level Annotations

Branches:
Dungeon (7/15)             Temple (0/1) D:4           Sewer (visited)

Shops:
D:4 :   D:5 :

Annotations:
D:7 Joseph


Innate Abilities, Weirdness & Mutations

You have an increased reservoir of magic. (+10% MP)
You shall have no god before yourself.
Your divine heritage dramatically boosts your attributes as you level up.


Message History

Joseph is heavily wounded.
Joseph barely misses you. Joseph hits you with a +0 quarterstaff.
You shoot an arrow. The arrow hits Joseph!
Joseph is severely wounded.
Joseph completely misses you. Joseph hits you with a +0 quarterstaff!
A sleepcap comes into view.
You shoot an arrow. The arrow hits Joseph!
Joseph is severely wounded.
A bullfrog comes into view.
You block Joseph's attack. Joseph hits you with a +0 quarterstaff.
Unknown command.
You shoot an arrow. The bullfrog gives a loud, deep croak!
The arrow hits Joseph!
Joseph is almost dead.
You hear a shout!
Joseph hits you with a +0 quarterstaff.
Unknown command.
You shoot an arrow.
The arrow hits Joseph but does no damage.
Joseph is almost dead.
Joseph hits you with a +0 quarterstaff.
A white imp comes into view.
The bullfrog misses you. Joseph hits you with a +0 quarterstaff.
The white imp gestures at you. The puff of frost hits you. You resist.
* * * LOW HITPOINT WARNING * * *
You shoot an arrow.
The arrow hits Joseph but does no damage.
Joseph is almost dead.
The bullfrog barely misses you. Joseph closely misses you.
The bullfrog hits you but does no damage.
Joseph hits you with a +0 quarterstaff!
* * * LOW HITPOINT WARNING * * *
You block the bullfrog's attack. The sleepcap releases spores at you!
* * * LOW HITPOINT WARNING * * *
You are engulfed in a cloud of soporific spores!
You fall asleep.
The bullfrog hits you.
You die...

.
....###########
......f@F.....#
......@..####.#
.[######.# .#
5# .# .. .#


You could see Joseph, a sleepcap, a bullfrog and a white imp.

Vanquished Creatures
  Grinder (D:5)
  Prince Ribbit (D:5)
  2 black bears (D:6)
  2 ogres
  A phantom (D:5)
  Blork the orc (D:4)
  A kobold brigand (Sewer)
  A scorpion (D:6)
  A howler monkey (D:3)
  2 hounds
  3 orc priests (D:6)
  3 iron imps (D:4)
  Jessica (D:2)
  An iguana (D:6)
  An orc wizard (D:6)
  6 adders
  2 river rats (Sewer)
  An ufetubus (D:6)
  A worm (D:4)
  5 dart slugs
  9 orcs
  5 ball pythons
  5 endoplasms
  4 giant cockroaches
  5 goblins
  7 hobgoblins
  4 jackals (D:1)
  2 quokkas
  10 bats
  11 kobolds
  11 rats
110 creatures vanquished.

Vanquished Creatures (others)
  A withered plant (D:1)
1 creature vanquished.

Grand Total: 111 creatures vanquished

Notes
Turn   | Place    | Note
-------+----------+-------------------------------------------
     0 | D:1      | Ubbricas the Demigod Hunter began the quest for the Orb.
     0 | D:1      | Reached XP level 1. HP: 17/17 MP: 3/3
    36 | D:1      | Reached skill level 1 in Stealth
   161 | D:1      | Reached XP level 2. HP: 24/24 MP: 4/4
   540 | D:1      | Reached skill level 4 in Ranged Weapons
   651 | D:2      | Reached XP level 3. HP: 29/29 MP: 5/5
   964 | D:2      | Noticed Jessica
   970 | D:2      | Killed Jessica
  1038 | D:2      | Reached XP level 4. HP: 37/37 MP: 6/6
  1520 | D:3      | You fall into a shaft and drop 3 floors!
  1556 | D:6      | Noticed a black bear
  1605 | D:6      | Killed a black bear
  1606 | D:6      | Reached XP level 5. HP: 25/44 MP: 7/7
  1610 | D:6      | Identified the ring "Ogociytra" {Wiz Will+}
  1698 | D:5      | Entered Level 5 of the Dungeon
  1707 | D:5      | Learned a level 1 spell: Apportation
  1791 | D:4      | Noticed Grinder
  1798 | D:4      | Noticed Blork the orc
  1817 | D:5      | Killed Grinder
  1818 | D:5      | Reached skill level 5 in Ranged Weapons
  1818 | D:5      | Reached XP level 6. HP: 22/51 MP: 8/8
  1944 | D:4      | Killed Blork the orc
  2119 | D:4      | Found a glowing drain.
  2145 | Sewer    | Entered a sewer
  2347 | Sewer    | Reached XP level 7. HP: 57/57 MP: 9/9
  2434 | D:4      | Found a staircase to the Ecumenical Temple.
  2450 | D:4      | Reached skill level 6 in Ranged Weapons
  3011 | D:3      | Identified the +1 robe of the Slug {rC++ Int+3}
  3135 | D:4      | Found Favohuj's Book Shoppe.
  3459 | D:5      | Found Xuaph's Vocational Training.
  3640 | D:5      | Noticed Prince Ribbit
  3646 | D:5      | Killed Prince Ribbit
  3647 | D:5      | Reached XP level 8. HP: 67/67 MP: 10/10
  3795 | D:6      | Reached skill level 7 in Ranged Weapons
  4593 | D:7      | Noticed Joseph
  4604 | D:7      | HP: 1/67 [sleepcap (7)]
  4605 | D:7      | Slain by a bullfrog

Illustrated notes

Levels and vault maps discovered:
D:1:      spicycebolla_arrival_clurvy, layout_loops_cross, minivault_4
D:2:      layout_basic, uniq_jessica
D:3:      layout_basic
D:4:      layout_basic, nemelex_diamond_rough_becter, demons_altar,
          minmay_temple_entry_tees, serial_shops, nicolae_shop_window_shopping,
          cheibrodos_sewer_entry_drain, uniq_grinder, uniq_blork_the_orc
D:5:      layout_basic, grunt_temple_overflow_open, nicolae_shop_vocational,
          uniq_prince_ribbit1
D:6:      layout_cave_pods, ashenzari_conservatory_becter
D:7:      layout_loops_ring, uniq_joseph

Skill      XL: |  1  2  3  4  5  6  7  8 |
---------------+-------------------------+-----
Stealth        | 1 2 3 4 |  4.7
Fighting       | 2 3 4 |  4.6
Dodging        | 2 3 4 |  4.6
Ranged Weapons | 4 5 6 7 |  7.2

Action                     |  1- 3 |  4- 6 |  7- 9 || total
---------------------------+-------+-------+-------++-------
   Fire: Shortbow          |    99 |   137 |    99 ||   335
  Evoke: Wand              |       |     2 |       ||     2
    Use: Scroll            |       |       |     5 ||     5
 Armour: Leather armour    |    17 |    15 |       ||    32
         Robe              |       |       |     3 ||     3
  Dodge: Dodged            |    38 |    43 |    30 ||   111
  Block: Other             |       |       |     5 ||     5
